AoeStats
← net_o_fists

Arena

510054954Analyzed
1v1 RM · 4d ago on Sep 29, 2026· 39m 36s· 2 players
Game mode
Random Map
Map size
Tiny (2 player)
Population
200
Speed
Normal
Resources
Standard
Victory
Conquest
Starting age
Dark Age
Ending age
Imperial Age
RankedLock teamsTeams togetherTeam positionsShared explorationLock speedFull tech treeHidden civsTurbo modeCheats
Victory
Defeat
🇨🇳 Aztecs · China
658
+13
🇦🇺 Turks · Australia
588
-27
net_o_fists
0:30 Loom
13:04 Feudal Age
13:33 Horse Collar
13:43 Double-Bit Axe
13:52 Gold Mining
15:50 Wheelbarrow
22:52 Castle Age
21:00 Stone Mining
22:23 Scale Barding Armor
22:30 Forging
23:35 Heavy Plow
23:54 Bow Saw
25:55 Iron Casting
25:44 Fervor
27:01 Hand Cart
28:35 Husbandry
28:47 Bloodlines
30:08 Murder Holes
34:42 Imperial Age
33:14 Fletching
34:46 Gold Shaft Mining
36:20 Hoardings
36:06 Conscription
37:10 Conscription
38:21 Two-Man Saw
唐宋元明清
11:50 Feudal Age
12:27 Double-Bit Axe
13:11 Horse Collar
19:03 Castle Age
17:32 Gold Mining
18:16 Stone Mining
23:38 Wheelbarrow
23:26 Heavy Plow
24:01 Town Watch
24:43 Bow Saw
26:45 Gold Shaft Mining
26:47 Stone Shaft Mining
25:55 Eagle Warrior
27:13 Gambesons
27:29 Squires
27:14 Arson
28:32 Hand Cart
28:18 Town Patrol
27:51 Elite Skirmisher
35:51 Imperial Age
35:57 Elite Jaguar Warrior
36:38 Atlatl
37:37 Crop Rotation
37:20 Fletching
37:26 Capped Ram
38:49 Siege Ram
Connection lost

Rejoining the realm…

Still unreachable

The connection could not be restored.

Session expired

The server has moved on; the page needs a fresh start.